 Dungeon Crawl Stone Soup version 0.23.2-33-g5129a83184 (webtiles) character file.

Game seed: 11997698371127329569

148 AarnesTheHuman the Covered (level 5, -3/43 HPs)
             Began as a Barachi Fighter on Aug 7, 2019.
             Slain by a scorpion (7 damage)
             ... on level 4 of the Dungeon.
             The game lasted 00:05:17 (2704 turns).

AarnesTheHuman the Covered (Barachi Fighter)        Turns: 2704, Time: 00:05:18

Health: -3/43      AC:  9    Str: 18    XL:     5   Next: 30%
Magic:  5/5        EV:  5    Int:  8    God:
Gold:   85         SH: 14    Dex: 12    Spells: 4/4 levels left

rFire    . . .     SeeInvis .   a - +1 long sword
rCold    . . .     Gourm    .   g - +0 large shield
rNeg     . . .     Faith    .   b - +0 scale mail
rPois    .         Spirit   .   (no helmet)
rElec    .         Reflect  .   (no cloak)
rCorr    .         Harm     .   (no gloves)
MR       .....                  j - +1 pair of boots
Stlth    ..........             h - amulet of inaccuracy (curse)
HPRegen  0.14/turn              (no ring)
MPRegen  0.09/turn              (no ring)

@: lethally poisoned (-3 -> -29), slow
A: +LOS, swims, slowness 1, strong legs 1
a: Hop


You were on level 4 of the Dungeon.
You were not hungry.

You visited 1 branch of the dungeon, and saw 4 of its levels.

You collected 85 gold pieces.

Inventory:

Hand Weapons
 a - a +1 long sword (weapon)
Armour
 b - a +0 scale mail (worn)
 c - a +1 shield
 g - a +0 large shield (worn)
 j - a +1 pair of boots (worn)
Magical Staves
 i - an uncursed staff of wizardry {unknown}
Jewellery
 h - a cursed amulet of inaccuracy (around neck)
Scrolls
 e - 3 scrolls of teleportation
 n - a scroll of amnesia
Potions
 d - a potion of might
 k - a potion of berserk rage
 l - a potion of lignification
 m - 2 potions of degeneration
 o - a potion of curing
Comestibles
 f - 4 rations


   Skills:
 + Level 4.6 Fighting
 + Level 3.8 Long Blades
 + Level 4.7 Armour
 + Level 4.2 Shields


You had 4 spell levels left.
You didn't know any spells.
Your spell library was empty.

Dungeon Overview and Level Annotations

Branches:
Dungeon (4/15)
 Temple: D:4-7

Altars:
Kikubaaqudgha
Ru
Yredelemnul


Innate Abilities, Weirdness & Mutations

Shadows flee at your approach. (+LOS)
You can swim through water.
You cover ground slowly.
You can hop short distances.


Message History

The scorpion is heavily wounded.
You feel very sick.
The scorpion stings you but does no damage.
The scorpion stings you.
You are too injured to fight recklessly!
You hit the scorpion.
The scorpion is heavily wounded.
You feel sick. You block the scorpion's attack.
You hit the scorpion but do no damage.
The scorpion is heavily wounded.
You feel very sick. You block the scorpion's attack.
You closely miss the scorpion.
The scorpion is heavily wounded.
* * * LOW HITPOINT WARNING * * *
You feel sick. The scorpion stings you!
* * * LOW HITPOINT WARNING * * *
You are more poisoned.
The scorpion poisons you! The scorpion stings you!
You die...

# ####...#### #..
+..'......#
#....####...##.#
#......<'...##.#+###
###.#(..#..........#
###########....#######
...................
#########s.....##
#@..)..# #.)....#
#......# ###.##..#
###.###..# #.)##.##.#
#.##..# # #.#.###
##.###


You could see a scorpion.

Vanquished Creatures
  4 adders
  2 oozes (D:2)
  A worm (D:3)
  2 leopard geckos
  8 orcs
  4 bat skeletons (D:3)
  A bat zombie (D:3)
  16 goblins
  8 hobgoblins
  5 jackals (D:2)
  4 quokkas
  11 bats
  A frilled lizard (D:2)
  8 kobolds
  7 rats
82 creatures vanquished.

Notes
Turn   | Place    | Note
-------+----------+-------------------------------------------
     0 | D:1      | AarnesTheHuman the Barachi Fighter began the quest for the
                  | Orb.
     0 | D:1      | Reached XP level 1. HP: 18/18 MP: 1/1
   192 | D:1      | Reached XP level 2. HP: 21/25 MP: 2/2
   791 | D:2      | Reached XP level 3. HP: 28/30 MP: 3/3
  1151 | D:2      | Reached XP level 4. HP: 37/37 MP: 4/4
  1520 | D:3      | Noticed an ogre
  1772 | D:3      | Found an ancient bone altar of Kikubaaqudgha.
  1869 | D:3      | Reached XP level 5. HP: 13/43 MP: 5/5
  2569 | D:3      | Found a sacrificial altar of Ru.
  2668 | D:4      | Found a basalt altar of Yredelemnul.
  2704 | D:4      | Slain by a scorpion

Skill      XL: |  1  2  3  4 |
---------------+-------------+-----
Fighting       | 4 |  4.6
Long Blades    | 3 |  3.8
Armour         | 4 |  4.7
Shields        | 4 |  4.2

Action                   |  1- 3 |  4- 6 || total
-------------------------+-------+-------++-------
Melee: Long sword        |   123 |   250 ||   373
 Abil: Hop               |       |     1 ||     1
  Use: Scroll            |       |    12 ||    12
  Eat: Chunk             |     2 |     6 ||     8
Armor: Scale mail        |    64 |   162 ||   226
Dodge: Dodged            |    38 |   121 ||   159
Block: Shield            |    78 |   199 ||   277
       Large shield      |       |    14 ||    14
       Rpst.: Long sword |     6 |    44 ||    50
